 Dungeon Crawl Stone Soup version 0.23.2-33-g5129a83184 (webtiles) character file.

Game seed: 3692961241171329472

81 FishyPogo the Caller (level 4, 0/30 HPs)
             Began as a Mummy Summoner on Aug 9, 2019.
             Was an Initiate of Cheibriados.
             Slain by an orc
             ... wielding a +2 flail of protection
              (3 damage)
             ... on level 3 of the Dungeon.
             The game lasted 00:08:48 (2545 turns).

FishyPogo the Caller (Mummy Summoner)               Turns: 2545, Time: 00:08:49

Health: 0/30       AC:  4    Str: 12    XL:     4   Next: 20%
Magic:  0/9        EV: 12    Int: 16    God:    Cheibriados [......]
Gold:   114        SH:  0    Dex: 13    Spells: 9/10 levels left

rFire    x . .     SeeInvis .   a - +0 dagger (venom)
rCold    + . .     Gourm    .   (no shield)
rNeg     + + +     Faith    .   g - +0 robe
rPois    ∞         Spirit   .   (no helmet)
rElec    .         Reflect  .   f - +1 cloak
rCorr    .         Harm     .   (no gloves)
MR       .....                  (no boots)
Stlth    ++........             (no amulet)
HPRegen  0.10/turn              (no ring)
MPRegen  0.11/turn              (no ring)

@: very slow
A: no food or potions, fire vulnerability, cold resistance 1, negative energy
resistance 3, torment resistance, unbreathing
a: Bend Time, Renounce Religion


You were on level 3 of the Dungeon.
You worshipped Cheibriados.
Cheibriados was noncommittal.
You were not hungry.

You visited 1 branch of the dungeon, and saw 3 of its levels.

You collected 114 gold pieces.

Inventory:

Hand Weapons
 a - a +0 dagger of venom (weapon)
Missiles
 h - 86 stones (quivered)
Armour
 e - a scarf of cloud immunity
 f - a +1 cloak (worn)
 g - a +0 robe (worn)
Scrolls
 b - a scroll of random uselessness {unknown}
 c - a scroll of amnesia {unknown}
 d - 3 scrolls of identify {unknown}
 i - 3 scrolls of remove curse {unknown}


   Skills:
 * Level 2.2 Dodging
 + Level 2.0 Stealth
 * Level 3.6 Spellcasting
 + Level 3.9 Summonings


You had 9 spell levels left.
You knew the following spells:

 Your Spells              Type           Power        Failure   Level  Hunger
a - Summon Small Mammal   Summ           ###.         3%          1    N/A

Your spell library contained the following spells:

 Spells                   Type           Power        Failure   Level  Hunger
 Call Imp                 Summ           ###.....     5%          2    N/A
 Call Canine Familiar     Summ           ###.....     11%         3    N/A
 Summon Guardian Golem    Hex/Summ       #.......     24%         3    N/A
 Summon Ice Beast         Ice/Summ       #.......     61%         4    N/A
 Summon Lightning Spire   Summ/Air       #.......     61%         4    N/A

Dungeon Overview and Level Annotations

Branches:
Dungeon (3/15)

Altars:
Cheibriados


Innate Abilities, Weirdness & Mutations

You do not eat or drink.
Your flesh is vulnerable to fire.
You are immune to poison.
Your flesh is cold resistant. (rC+)
You are immune to negative energy. (rN+++)
You are immune to unholy pain and torment.
You can survive without breathing.


Message History

The orc is lightly wounded.
You kill the orc!
Cheibriados thoroughly appreciates the change of pace.
Casting: Summon Small Mammal (safe; 3% risk of failure)
Confirm with . or Enter, or press ? or * to list all spells.
Your rat bites the orc but does no damage.
Your rat barely misses the orc. x2
Your quokka bites the orc but does no damage.
The orc hits your quokka with a +2 flail of protection!
Your quokka dies!
Your quokka's corpse disappears in a puff of smoke!
Your rat bites the orc but does no damage.
The orc hits your rat with a +2 flail of protection.
Your rat dies!
Your rat's corpse disappears in a puff of smoke!
You see here a white potion.
Casting: Summon Small Mammal (safe; 3% risk of failure)
Confirm with . or Enter, or press ? or * to list all spells.
The orc hits you with a +2 flail of protection.
You die...

#......>...#
#..........#
##........##
##.$......##
#..........#
#...[......#
#..........#
#.........b#
#.......o@.#
##........##
##...!..##
########


You could see an orc and a friendly bat.

Vanquished Creatures
  3 adders (D:2)
  A worm (D:2)
  A dart slug (D:2)
  2 orcs (D:3)
  A goblin (D:1)
  3 hobgoblins (D:2)
  8 jackals
  3 kobolds
  A quokka (D:2)
  4 bats
  A frilled lizard (D:1)
  3 rats
  A bush (D:2)
32 creatures vanquished.

Vanquished Creatures (collateral kills)
  An adder (D:2)
  3 leopard geckos
  2 goblins
  4 hobgoblins (D:1)
  7 jackals
  2 kobolds
  A ball python (D:1)
  A bat (D:1)
  A frilled lizard (D:2)
  A rat (D:1)
23 creatures vanquished.

Vanquished Creatures (others)
  A plant (D:2)
1 creature vanquished.

Grand Total: 56 creatures vanquished

Notes
Turn   | Place    | Note
-------+----------+-------------------------------------------
     0 | D:1      | FishyPogo the Mummy Summoner began the quest for the Orb.
     0 | D:1      | Reached XP level 1. HP: 13/13 MP: 4/4
   639 | D:1      | Reached XP level 2. HP: 19/19 MP: 1/5
  1526 | D:2      | Reached XP level 3. HP: 24/24 MP: 2/7
  1944 | D:2      | Found a snail-covered altar of Cheibriados.
  1986 | D:2      | Became a worshipper of Cheibriados the Contemplative
  2225 | D:2      | Reached XP level 4. HP: 30/30 MP: 7/9
  2531 | D:3      | HP: 1/30 [orc (1)]
  2545 | D:3      | Slain by an orc

Skill      XL: |  1  2  3 |
---------------+----------+-----
Spellcasting   | 3 |  3.6
Dodging        | 2 |  2.2
Stealth        | 2 |  2.0
Summonings     | |  3.9

Action                   |  1- 3 |  4- 6 || total
-------------------------+-------+-------++-------
Melee: Unarmed           |    20 |       ||    20
       Dagger            |    86 |    54 ||   140
 Cast: Summon Small Mamm |    85 |    17 ||   102
 Stab: Sleeping          |     2 |       ||     2
       Distracted        |     2 |       ||     2
Armor: Robe              |    22 |     2 ||    24
Dodge: Dodged            |    66 |     6 ||    72
